 Dungeon Crawl Stone Soup version 0.28.0-53-g5a82cb258f (webtiles) character file.

Game seed: 13386771900150063824

51 MiltankisOP the Chopper (level 3, -2/34 HPs)
             Began as a Hill Orc Monk on June 13, 2022.
             Was a Priest of Kikubaaqudgha.
             Slain by a gnoll
             ... wielding a +1 mace of venom
              (3 damage)
             ... on level 2 of the Dungeon.
             The game lasted 00:02:55 (1437 turns).

MiltankisOP the Chopper (Hill Orc Monk)             Turns: 1437, Time: 00:02:56

Health: -2/34      AC:  2    Str: 15    XL:     3   Next: 81%
Magic:  3/3        EV: 12    Int: 10    God:    Kikubaaqudgha [***...]
Gold:   64         SH:  0    Dex: 13    Spells: 2/2 levels left

rFire   . . .      SeeInvis .   a - +0 hand axe
rCold   . . .      Faith    .   (no shield)
rNeg    . . .      Spirit   .   b - +0 robe
rPois   .          Reflect  .   (no helmet)
rElec   .          Harm     .   (no cloak)
rCorr   .          Rampage  .   (no gloves)
Will    .....                   (no boots)
Stlth   ++........              (no amulet)
HPRegen 0.11/turn               (no ring)
MPRegen 0.08/turn               (no ring)

@: lethally poisoned (-2 -> -21)
A: no striking features
a: Renounce Religion, Receive Corpses


You were on level 2 of the Dungeon.
You worshipped Kikubaaqudgha.
Kikubaaqudgha was most pleased with you.
You visited 1 branch of the dungeon, and saw 2 of its levels.

You collected 64 gold pieces.

Inventory:

Hand Weapons
 a - a +0 hand axe (weapon)
Armour
 b - a +0 robe (worn)
Jewellery
 c - a ring of protection from cold
Scrolls
 e - a scroll of summoning {unknown}
 f - a scroll of amnesia {unknown}
 g - 3 scrolls of fear {unknown}
Potions
 d - a potion of ambrosia {unknown}


   Skills:
 + Level 4.6 Fighting
 + Level 5.2 Axes
 - Level 2.4 Dodging
 - Level 1.5 Stealth


You had 2 spell levels left.
You didn't know any spells.
Your spell library contained the following spells:

 Spells                   Type           Power      Damage    Failure   Level
 Animate Skeleton         Necr           0%         N/A       36%         1
 Foxfire                  Conj/Fire      0%         2x1d4     36%         1
 Magic Dart               Conj           0%         1d3       36%         1
 Call Imp                 Summ           0%         N/A       50%         2
 Corpse Rot               Necr/Air       0%         N/A       50%         2
 Conjure Flame            Conj/Fire      0%         6-21      75%         3
 Frozen Ramparts          Ice            0%         1d2       75%         3
 Inner Flame              Hex/Fire       0%         N/A       75%         3
 Mephitic Cloud           Conj/Pois/Air  0%         N/A       75%         3
 Tukima's Dance           Hex            0%         N/A       75%         3
 Vampiric Draining        Necr           0%         2d6       75%         3
 Anguish                  Hex/Necr       0%         N/A       98%         4
 Animate Dead             Necr           0%         N/A       98%         4
 Flame Wave               Conj/Fire      0%         2d4       98%         4
 Ice Form                 Ice/Tmut       0%         N/A       98%         4
 Passage of Golubria      Tloc           0%         N/A       98%         4
 Summon Ice Beast         Ice/Summ       0%         N/A       98%         4
 Agony                    Necr           0%         N/A       100%        5
 Borgnjor's Vile Clutch   Necr/Erth      0%         N/A       100%        5
 Excruciating Wounds      Necr           0%         N/A       100%        5
 Yara's Violent Unravell  Hex/Tmut       0%         3d3       100%        5
 Death Channel            Necr           0%         N/A       100%        6


Dungeon Overview and Level Annotations

Branches:
Dungeon (2/15)

Altars:
Kikubaaqudgha


Message History

You kill the kobold!
Kikubaaqudgha accepts your kill.
You hit the kobold.
A frilled lizard comes into view.
The kobold hits you with a +0 short sword.
The frilled lizard hisses angrily.
You hit the kobold but do no damage.
The kobold is severely wounded.
The kobold misses you.
You barely miss the kobold.
The kobold is severely wounded.
The kobold barely misses you.
You hit the kobold.
You kill the kobold!
Kikubaaqudgha accepts your kill.
You hit the gnoll but do no damage.
You hit the frilled lizard but do no damage.
The frilled lizard bites you.
The gnoll hits you with a +1 mace of venom.
You hit the gnoll but do no damage. Your punch misses the gnoll.
You closely miss the frilled lizard. The frilled lizard closely misses you.
The gnoll hits you with a +1 mace of venom!
You are poisoned.
You hit the gnoll.
The gnoll is moderately wounded.
You closely miss the frilled lizard.
You feel sick. The frilled lizard closely misses you.
The gnoll hits you with a +1 mace of venom!
* * * LOW HITPOINT WARNING * * *
You are lethally poisoned!
The frilled lizard bites you.
* * * LOW HITPOINT WARNING * * *
You hit the gnoll but do no damage.
The gnoll is moderately wounded.
You hit the frilled lizard.
* * * LOW HITPOINT WARNING * * *
You feel very sick.
The gnoll hits you with a +1 mace of venom.
You die...
Kikubaaqudgha rasps: "You have failed me!
Welcome... death!"

#..#............#
#...............#
#.....§.........#
..§..§§§.........#
..§§§§§§.........#
....§§§..........#
...§.§§..........#
.................#
.......##@########
##.......gl....#
...............
.........##.##.
.........# $#
#####....# #
###..# #..#


You could see a gnoll and a frilled lizard.

Vanquished Creatures
  An adder (D:2)
  2 adder skeletons (D:2)
  An adder zombie (D:2)
  A worm (D:2)
  A dart slug (D:2)
  2 ball pythons
  3 bat skeletons (D:2)
  2 endoplasms
  A giant cockroach (D:2)
  3 goblins (D:1)
  A hobgoblin (D:1)
  A ball python skeleton (D:2)
  A ball python zombie (D:2)
  A bat (D:1)
  2 frilled lizards (D:1)
  A giant cockroach zombie (D:2)
  3 jackal zombies (D:2)
  2 kobolds (D:2)
  A rat (D:1)
30 creatures vanquished.

Notes
Turn   | Place    | Note
-------+----------+-------------------------------------------
     0 | D:1      | MiltankisOP the Hill Orc Monk began the quest for the Orb.
     0 | D:1      | Reached XP level 1. HP: 19/19 MP: 1/1
   360 | D:1      | Reached XP level 2. HP: 27/27 MP: 2/2
   823 | D:2      | Reached XP level 3. HP: 30/34 MP: 3/3
   872 | D:2      | Found a faded altar of an unknown god.
   887 | D:2      | Prayed at the altar of an unknown god.
   887 | D:2      | Became a worshipper of Kikubaaqudgha
   887 | D:2      | Reached * piety under Kikubaaqudgha
   887 | D:2      | Received a gift from Kikubaaqudgha
   887 | D:2      | Reached ** piety under Kikubaaqudgha
  1112 | D:2      | Reached skill level 5 in Axes
  1364 | D:2      | Reached *** piety under Kikubaaqudgha
  1364 | D:2      | Received a gift from Kikubaaqudgha
  1437 | D:2      | HP: 1/34 [poisoned by a gnoll]
  1437 | D:2      | Slain by a gnoll

Illustrated notes

Levels and vault maps discovered:
D:1:      ncdulo_wetmaze, layout_basic
D:2:      layout_basic, serial_undead, serial_undead_a, serial_undead_a,
          serial_undead_e, serial_undead_d, serial_undead_d, serial_undead_c,
          serial_undead_e, ebering_ecumenical_altar_ruins,
          minmay_split_cup_small

Skill      XL: |  1  2  3 |
---------------+----------+-----
Fighting       | 4 |  4.6
Axes           | 5 |  5.2
Dodging        | |  2.4
Stealth        | |  1.5

Action                   || total
-------------------------++-------
Melee: Hand axe          ||   110
       Punch             ||     2
 Stab: Sleeping          ||     4
Armor: Robe              ||    21
Dodge: Dodged            ||    74
